 Dungeon Crawl Stone Soup version 0.17-a0-1301-ga863c44 (webtiles) character file.

55 InterDimensionalOwl the Gusty (level 3, -5/28 HPs)
             Began as a Naga Air Elementalist on June 7, 2015.
             Killed from afar by Sigmund (13 damage)
             ... with a puff of flame
             ... on level 2 of the Dungeon.
             The game lasted 00:17:35 (2577 turns).

InterDimensionalOwl the Gusty (NaAE)                Turns: 2577, Time: 00:17:35

Health: -5/28      AC:  2    Str: 10    XL:     3   Next: 93%
Magic:  0/7        EV: 10    Int: 16    God:
Gold:   116        SH:  0    Dex: 11    Spells: 1 memorised, 6 levels left

rFire  . . .     SeeInvis +     a - +0 dagger
rCold  . . .     Clarity  .     g - +0 robe
rNeg   . . .     SustAt   .     (no shield)
rPois  +         Gourm    .     (no helmet)
rElec  .         Spirit   .     (no cloak)
rCorr  .         Warding  .     (no gloves)
rMut   .         Stasis   .     (no barding)
MR     .....                    (no amulet)
Stlth  ++........               (no ring)
                                (no ring)

@: very slightly contaminated, very slow, not resistant to hostile enchantments,
unstealthy
A: see invisible, deformed body, poison resistance, slowness 2, slow metabolism
1, spit poison 2, AC +1
a: Spit Poison


You were on level 2 of the Dungeon.
You were hungry.

You visited 1 branch of the dungeon, and saw 2 of its levels.

You collected 116 gold pieces.

Inventory:

Hand weapons
 a - a +0 dagger (weapon)
 b - a +0 hunting sling
 u - a +0 whip
Missiles
 i - 5 stones
 m - 5 javelins (quivered)
Armour
 g - a +0 robe (worn)
 p - a +0 buckler
Scrolls
 d - a scroll of immolation {unknown}
 f - 4 scrolls of identify
 k - a scroll of random uselessness {unknown}
 n - a scroll of enchant weapon {unknown}
 w - a scroll of magic mapping {unknown}
Potions
 h - 2 potions of lignification
 j - a potion of heal wounds {unknown}
 o - a potion of ambrosia {unknown}
 q - a potion of agility {unknown}
 r - a potion of poison {unknown}
Books
 e - a book of Air

   Spells                             Type                      Level
   a - Shock                          Conjuration/Air              1
   b - Swiftness                      Charms/Air                   2
   c - Repel Missiles                 Charms/Air                   2
   d - Static Discharge               Conjuration/Air              3
   e - Lightning Bolt                 Conjuration/Air              5
Comestibles
 c - a bread ration
 s - 2 fruits
 t - a beef jerky


   Skills:
 - Level 1.5 Dodging
 - Level 3.0 Stealth
 + Level 2.7 Spellcasting
 + Level 2.0 Conjurations
 + Level 3.7 Air Magic


You had 6 spell levels left.
You knew the following spells:

 Your Spells              Type           Power        Failure   Level  Hunger
a - Shock                 Conj/Air       ##..         8%          1    #......


Dungeon Overview and Level Annotations

Branches:
Dungeon (2/15)

Altars:
Yredelemnul

Annotations:
D:2 Sigmund


Innate Abilities, Weirdness & Mutations

You cannot wear boots.
Your serpentine skin is tough (AC +1).
You have supernaturally acute eyesight.
Armour fits poorly on your strangely shaped body.
Your system is resistant to poisons.
You cover ground very slowly.
You have a slow metabolism.
You can spit poison.


Message History

Sigmund points at you and mumbles some strange words.
The puff of flame misses you.
You're too confused to move!
Sigmund hits you from afar with a scythe!
* * * LOW HITPOINT WARNING * * *
You feel less confused.
Drink which item? (? for menu, Esc to quit)
You feel better.
Sigmund says, "Your kind have come here before.
I understand now why.
You desire death..."
Casting: Shock
Confirm with . or Enter, or press ? or * to list all spells.
Aiming: Shock
Press: ? - help, Shift-Dir - straight line, f - adder, p - Sigmund
Aim: an adder (heavily wounded)
The zap misses Sigmund.
The zap hits the adder.
The adder is severely wounded.
The zap misses the adder.
Sigmund casts a spell at you. The puff of flame hits you!
You die...

#.###.#....<.......#
..###.###...######.#
#..[........# ###
#.###.####..# ..#
#.......# ###
#.......# #.......#
#####.......#########
................@.@S#
###########.#######.#
#...........# #.#
#.########### #S# #.#
#.# #.# #.# #.# #.#
#.# #.# #.#
##############.#


You could see Sigmund and an adder.

Vanquished Creatures
  An ooze (D:1)
  A worm (D:2)
  3 giant cockroaches
  5 goblins
  8 hobgoblins
  7 kobolds
  A quokka (D:2)
  3 bats (D:1)
  2 giant geckos (D:2)
  5 giant newts
  2 jackals (D:2)
  9 rats
47 creatures vanquished.

Notes
Turn   | Place    | Note
--------------------------------------------------------------
     0 | D:1      | InterDimensionalOwl the Naga Air Elementalist began the quest for the Orb.
     0 | D:1      | Reached XP level 1. HP: 15/15 MP: 3/3
   293 | D:1      | Reached XP level 2. HP: 10/22 MP: 0/5
   729 | D:1      | Reached XP level 3. HP: 28/28 MP: 3/6
  2215 | D:2      | Found a basalt altar of Yredelemnul.
  2542 | D:2      | Noticed Sigmund
  2577 | D:2      | Killed from afar by Sigmund

Vault maps used:
D:1:      minmay_arrival_semitransparent, hangedman_decor_clover_reticule,
          minmay_distorted
D:2:      lemuel_coloured_pillars_altar, uniq_sigmund

Action                   || total
-------------------------++-------
Melee: Dagger            ||    36
       Whip              ||     5
       Unarmed           ||     1
 Cast: Shock             ||   107
 Abil: Spit Poison       ||     2
  Use: Scroll            ||     3
       Potion            ||     2
 Stab: Sleeping          ||     4
  Eat: Chunk             ||     4
